 Dungeon Crawl Stone Soup version 0.30.1-8-g117510f58f (webtiles) character file.

Game seed: 15329361512151269396

128 Peloso the Slasher (level 4, 0/40 HPs)
             Began as a Minotaur Fighter on Sept 23, 2023.
             Slain by Terence
             ... wielding a +0 trident
              (6 damage)
             ... on level 3 of the Dungeon.
             The game lasted 00:02:49 (1836 turns).

Peloso the Slasher (Minotaur Fighter)               Turns: 1836, Time: 00:02:49

Health: 0/40       AC:  7    Str: 21    XL:     4   Next: 86%
Magic:  3/3        EV:  9    Int:  5    God:
Gold:   116        SH:  4    Dex: 11    Spells: 3/3 levels left

rFire   . . .        a - +1 long sword
rCold   . . .        c - +0 buckler
rNeg    . . .        b - +0 scale mail
rPois   .            (helmet restricted)
rElec   .            (no cloak)
rCorr   .            (no gloves)
SInv    .            (no boots)
Will    .....        (no amulet) Stlth
                     (no ring)
HPRegen 0.26/turn    (no ring)
MPRegen 0.08/turn

%: no passive effects
@: no status effects
A: horns 2, retaliatory headbutt
a: no special abilities


You were on level 3 of the Dungeon.
You visited 1 branch of the dungeon, and saw 3 of its levels.

You collected 116 gold pieces.

Inventory:

Hand Weapons
 a - a +1 long sword (weapon)
Armour
 b - a +0 scale mail (worn)
 c - a +0 buckler (worn)
Scrolls
 g - 2 scrolls of teleportation
 j - a scroll of blinking
Potions
 d - a potion of might
 e - a potion of magic
 i - a potion of heal wounds
 k - a potion of cancellation {unknown}
 l - a potion of invisibility {unknown}
 m - 2 potions of curing {unknown}


   Skills:
 + Level 4.2 Fighting
 + Level 4.7 Long Blades
 + Level 4.4 Armour
 + Level 1.0 Dodging
 + Level 4.0 Shields


You had 3 spell levels left.
You didn't know any spells.
Your spell library contained the following spells:

 Spells                   Type           Power      Damage    Failure   Level
 Necrotise                Necr           0%         1d4       86%         1
 Vampiric Draining        Necr           0%         2d6       99%         3
 Agony                    Necr           0%         N/A       100%        5


Dungeon Overview and Level Annotations

Branches:
Dungeon (3/15)

Altars:

Annotations:
D:3 Terence


Innate Abilities, Weirdness & Mutations

You have a pair of horns on your head.
You reflexively headbutt those who attack you in melee.


Message History

There is a stone staircase leading up here.
An endoplasm is nearby!
The endoplasm freezes you.
You are frozen.
You slash the endoplasm!
You kill the endoplasm!
Terence and a dart slug come into view.
Found 3 stones.
Found a whip.
You slash the dart slug!
The dart slug is almost dead.
The dart slug launches a dart at you. The slug dart hits you.
You block Terence's attack.
You hit the dart slug.
You kill the dart slug!
Terence hits you but does no damage. Terence barely misses you.
You see here a dart slug corpse.
Terence hits you with a +0 trident.
You barely miss Terence.
Terence bares his teeth.
Terence misses you.
You barely miss Terence. Terence hits you with a +0 trident!
Terence hits you but does no damage.
You closely miss Terence. Terence hits you with a +0 trident!
* * * LOW HITPOINT WARNING * * *
You hit Terence.
Terence is lightly wounded.
You block Terence's attack.
You slash Terence!
Terence is heavily wounded.
Terence hits you but does no damage.
You hit Terence.
Terence is heavily wounded.
Terence hits you with a +0 trident!
* * * LOW HITPOINT WARNING * * *
You hit Terence. Your headbutt misses Terence.
Terence is severely wounded.
Terence hits you with a +0 trident.
You die...

##### ...#
#.##########
#...........
#.######.......##
#.....@@†.#..#.#
##..(...#.#<.#
#)######.##.# #..
.# ######


You could see Terence.

Vanquished Creatures
  Jessica (D:2)
  4 gnolls (D:2)
  An adder (D:2)
  4 dart slugs
  3 ball pythons
  5 bats
  6 endoplasms
  2 giant cockroaches (D:1)
  3 goblins
  5 hobgoblins
  3 quokkas
  6 frilled lizards (D:1)
  A kobold (D:1)
  2 rats (D:1)
46 creatures vanquished.

Notes
Turn   | Place    | Note
-------+----------+-------------------------------------------
     0 | D:1      | Peloso the Minotaur Fighter began the quest for the Orb.
     0 | D:1      | Reached XP level 1. HP: 19/19 MP: 0/0
    83 | D:1      | Reached XP level 2. HP: 25/27 MP: 1/1
   523 | D:1      | Reached XP level 3. HP: 33/33 MP: 2/2
   919 | D:2      | Reached XP level 4. HP: 9/40 MP: 3/3
   970 | D:2      | Reached skill level 1 in Dodging
  1312 | D:2      | Noticed Jessica
  1317 | D:2      | Killed Jessica
  1823 | D:3      | Noticed Terence
  1836 | D:3      | Slain by Terence

Illustrated notes

Levels and vault maps discovered:
D:1:      dpeg_arrival_solitude, layout_loops_ring, minivault_25
D:2:      layout_basic, patterned_corridor, uniq_jessica
D:3:      layout_basic, uniq_terence

Skill      XL: |  1  2  3  4 |
---------------+-------------+-----
Armour         | 4 |  4.4
Fighting       | 4 |  4.2
Long Blades    | 3 4 |  4.7
Shields        | 4 |  4.0
Dodging        | 1 |  1.0

Action                     |  1- 3 |  4- 6 || total
---------------------------+-------+-------++-------
  Melee: Long sword        |    93 |    22 ||   115
         Headbutt          |    13 |     3 ||    16
    Use: Scroll            |     5 |     2 ||     7
 Armour: Scale mail        |    39 |     4 ||    43
  Dodge: Dodged            |    48 |     9 ||    57
  Block: Buckler           |    21 |     3 ||    24
